Map: [ESL] Moondance

Players

Lambo

  • Race: Zerg Zerg
  • Spawn Location: 12:00

HeroMarine - Winner!

  • Race: Terran Terran
  • League: Master
  • Spawn Location: 6:00

Event: HomeStory Cup XXII

VOD

Have the link to the VOD?

Description

Time

  • Played on: Dec. 17, 2022, 10:02 a.m.
  • Length: 12:52

All games in this series

Show
View Real Time Build Order
Export as new Build Order

Lambo Zerg 

Build Orders: Pool First 

Get SALT Encoding   

  12  0:00  Drone  
  13  0:12  Overlord  
  13  0:17  Drone  
  14  0:31  Drone x2  
  14  0:35  Drone  
  17  0:43  Spawning Pool  
  17  0:47  Drone  
  17  1:07  Hatchery  
  17  1:10  Drone  
  17  1:13  Drone  
  17  1:15  Extractor  
  17  1:18  Drone  
  18  1:30  Queen  
  18  1:31  Zergling x2  
  21  1:40  Overlord  
  21  1:50  Drone  
  23  2:01  Drone  
  23  2:05  Queen  
  25  2:12  Drone  
  26  2:16  Hatchery  
  26  2:20  Drone  
  26  2:24  Drone  
  27  2:30  Metabolic Boost  
  27  2:35  Drone x2  
  29  2:39  Drone  
  29  2:40  Drone  
  31  2:45  Drone  
  31  2:47  Overlord  
  32  2:55  Queen  
  32  2:57  Drone  
  35  3:03  Drone  
  36  3:10  Drone  
  36  3:11  Queen, Drone x2  
  41  3:14  Drone x2  
  41  3:16  Drone  
  44  3:29  Drone x2  
  44  3:30  Queen, Drone  
  44  3:31  Overlord  
  49  3:35  Overlord  
  49  3:42  Queen, Extractor  
  49  3:47  Overlord  
  51  3:50  Overlord  
  51  3:52  Drone x3  
  55  3:55  Drone x2  
  55  3:59  Overlord  
  55  4:01  Drone  
  55  4:02  Drone  
  58  4:07  Queen  
  60  4:15  Zergling x8  
  64  4:17  Overlord  
  64  4:18  Drone  
  64  4:23  Queen  
  67  4:31  Drone x4  
  69  4:33  Drone  
  69  4:34  Lair  
  69  4:36  Extractor  
  71  4:43  Hatchery  
  71  4:45  Drone x4  
  73  4:48  Spore Crawler  
  73  4:54  Spore Crawler  
  73  4:55  Spore Crawler  
  76  5:00  Drone x5  
  76  5:01  Queen  
  76  5:04  Zergling x2  
  76  5:05  Zergling x2  
  80  5:13  Evolution Chamber  
  78  5:18  Drone x7  
  78  5:19  Zergling x4  
  87  5:22  Queen  
  87  5:24  Drone x2  
  90  5:35  Overseer  
  90  5:37  Extractor  
  90  5:38  Extractor  
  90  5:39  Baneling Nest  
  90  5:41  Drone, Overlord  
  90  5:45  Overlord  
  90  5:48  Overlord  
  90  5:54  Queen, Overlord  
  92  5:59  Drone x4, Evolution Chamber  
  92  6:00  Evolution Chamber  
  92  6:01  Drone x7  
  92  6:03  Overseer  
  101  6:05  Drone  
  101  6:09  Drone  
  101  6:10  Drone x2  
  103  6:12  Drone  
  103  6:13  Spore Crawler, Drone  
  103  6:14  Drone  
  103  6:15  Hatchery  
  103  6:17  Drone x3  
  107  6:23  Zergling x6  
  110  6:31  Zergling x10  
  115  6:35  Zergling x2  
  121  6:40  Zergling x14, Centrifugal Hooks, Overlord  
  121  6:41  Zerg Ground Armor Level 1, Zerg Melee Weapons Level 1  
  121  6:42  Baneling x3  
  121  6:45  Baneling  
  121  6:46  Baneling x3  
  123  6:49  Zergling x10  
  123  6:51  Baneling x3  
  128  7:03  Overlord  
  128  7:05  Overlord  
  123  7:10  Overlord  
  123  7:11  Overlord  
  123  7:12  Overlord  
  123  7:14  Drone x3  
  123  7:15  Hydralisk Den, Zergling x6  
  128  7:16  Overlord, Extractor  
  128  7:19  Overlord  
  128  7:20  Drone  
  128  7:22  Overlord  
  128  7:23  Extractor  
  128  7:24  Drone x4  
  128  7:25  Drone  
  128  7:26  Zergling x4  
  128  7:27  Baneling  
  128  7:28  Baneling  
  134  7:30  Zergling x8  
  134  7:33  Baneling x6  
  134  7:35  Zergling x8  
  142  7:40  Zergling x12  
  142  7:42  Zergling x2  
  142  7:43  Queen  
  147  7:46  Zergling x4  
  147  7:48  Zergling x2  
  147  7:53  Zergling x16  
  147  7:56  Grooved Spines  
  147  7:57  Baneling x2  
  147  7:58  Baneling x3  
  155  8:00  Zergling x4  
  155  8:04  Zergling x10  
  160  8:10  Zergling x2  
  152  8:14  Zergling x6  
  152  8:19  Zergling x16  
  155  8:23  Queen x2  
  155  8:26  Zergling x2  
  155  8:27  Zergling x2  
  146  8:28  Baneling x5  
  146  8:32  Baneling x4  
  144  8:35  Zergling x16  
  144  8:36  Queen x2  
  144  8:37  Queen  
  144  8:38  Baneling  
  144  8:39  Baneling, Zerg Ground Armor Level 2  
  148  8:48  Zergling x2  
  148  8:49  Zergling x20  
  148  8:54  Zergling x10  
  156  8:56  Zerg Melee Weapons Level 2  
  156  8:58  Drone x2  
  156  8:59  Queen  
  156  9:00  Zergling x2, Infestation Pit  
  156  9:01  Zergling x4  
  159  9:05  Zergling x10  
  159  9:08  Muscular Augments  
  152  9:12  Queen  
  152  9:14  Zergling x14  
  148  9:18  Hydralisk x4  
  150  9:24  Hydralisk  
  150  9:31  Drone  
  150  9:32  Spore Crawler, Drone x3, Hatchery  
  150  9:37  Hive  
  150  9:38  Baneling x4  
  152  9:39  Baneling x4  
  152  9:45  Zergling x12  
  154  9:46  Zergling x14  
  165  9:53  Evolution Chamber  
  165  9:54  Hydralisk x7  
  165  9:59  Baneling x6  
  177  10:07  Drone x4  
  177  10:11  Hatchery  
  177  10:12  Zergling x12  
  177  10:13  Spore Crawler  
  182  10:17  Zergling x12  
  186  10:25  Baneling x2  
  186  10:26  Extractor  
  186  10:27  Zergling x4  
  186  10:28  Zergling x6  
  190  10:35  Overlord  
  190  10:39  Overlord  
  190  10:40  Overseer, Pneumatized Carapace  
  190  10:41  Overseer  
  190  10:42  Zergling x18  
  182  10:52  Baneling x10  
  182  10:53  Overseer  
  182  10:58  Drone x3  
  182  10:59  Drone  
  182  11:01  Extractor  
  182  11:02  Baneling x6  
  182  11:03  Zergling x22  
  190  11:11  Zergling x2  
  190  11:12  Zergling x18  
  190  11:16  Zergling x14  
  177  11:21  Zergling x10  
  177  11:24  Zergling x8  
  174  11:26  Baneling x3  
  158  11:33  Zergling x10  
  158  11:35  Baneling x4  
  158  11:36  Baneling x3  
  158  11:38  Zergling x4  
  156  11:42  Viper  
  156  11:44  Zergling x8  
  152  11:50  Zergling x10  
  152  11:51  Zergling x2  
  134  11:55  Drone x4  
  134  11:59  Zergling x2  
  134  12:01  Baneling x6  
  133  12:02  Zergling x4  
  133  12:06  Zergling x8  
  133  12:08  Baneling  
  139  12:12  Zergling x8  
  134  12:19  Baneling x8  
  134  12:21  Zergling x8  
  132  12:26  Zergling x10  
  132  12:28  Baneling x3  
  132  12:30  Zergling x4  
Show
View Real Time Build Order
Export as new Build Order

HeroMarine Terran - Winner!

Build Orders: Reaper Expand, Hellion Banshee 

Get SALT Encoding   

  12  0:00  SCV  
  13  0:12  SCV  
  14  0:17  Supply Depot  
  14  0:24  SCV  
  15  0:38  SCV  
  15  0:40  Barracks  
  16  0:43  Refinery  
  16  0:50  SCV  
  17  1:03  SCV  
  18  1:15  SCV  
  19  1:27  Reaper, Orbital Command  
  20  1:39  Command Center  
  20  1:47  Supply Depot  
  20  1:52  SCV  
  21  1:58  Marine  
  22  2:04  SCV  
  23  2:10  Factory  
  23  2:11  Refinery  
  23  2:16  SCV  
  23  2:20  Barracks Reactor  
  24  2:28  SCV  
  25  2:41  SCV  
  26  2:51  Orbital Command  
  26  2:53  SCV  
  26  2:55  Starport  
  27  3:02  Hellion x2  
  27  3:05  SCV  
  32  3:08  Barracks Tech Lab  
  32  3:16  Supply Depot, SCV  
  32  3:17  SCV  
  34  3:24  Hellion x2  
  38  3:28  SCV  
  38  3:29  SCV  
  40  3:38  Banshee, Cloaking Field  
  40  3:40  SCV  
  44  3:41  SCV  
  44  3:42  Supply Depot  
  44  3:46  Hellion  
  47  3:49  Hellion  
  47  3:53  SCV x2  
  51  3:56  Barracks Tech Lab  
  51  4:05  SCV x2  
  53  4:11  Command Center  
  53  4:15  Stimpack  
  53  4:20  SCV, Banshee  
  53  4:21  SCV  
  58  4:25  Supply Depot  
  58  4:31  Factory Reactor  
  58  4:32  SCV  
  58  4:33  SCV  
  60  4:39  Barracks x2  
  60  4:44  SCV  
  60  4:45  SCV  
  62  4:50  Engineering Bay  
  62  4:51  Engineering Bay  
  62  4:56  SCV  
  62  4:57  SCV  
  64  5:02  Marine  
  65  5:07  Refinery  
  65  5:08  Refinery, SCV  
  65  5:09  SCV  
  67  5:18  Starport Reactor  
  67  5:20  SCV  
  68  5:21  SCV, Marine  
  68  5:23  Siege Tank  
  68  5:24  Terran Infantry Armor Level 1, Orbital Command  
  73  5:32  SCV  
  73  5:33  SCV  
  73  5:36  Marine x2  
  73  5:39  Marine x3  
  78  5:44  SCV  
  78  5:46  SCV  
  78  5:47  Supply Depot  
  80  5:51  Orbital Command  
  80  5:54  Marine x2  
  80  5:55  Medivac  
  80  5:57  SCV  
  85  5:59  Supply Depot, SCV, Medivac, Marine x2  
  85  6:02  Supply Depot  
  90  6:04  Marine  
  90  6:09  SCV, Siege Tank, Combat Shield  
  95  6:12  Marine x2  
  95  6:13  SCV  
  95  6:17  Marine x2  
  100  6:20  SCV  
  100  6:21  SCV  
  100  6:22  Marine  
  100  6:25  SCV  
  104  6:28  Supply Depot  
  104  6:29  Marine  
  104  6:30  Marine  
  104  6:32  SCV  
  107  6:33  SCV  
  107  6:37  SCV, Medivac x2  
  113  6:44  SCV  
  113  6:45  Supply Depot, SCV  
  113  6:46  Barracks x2  
  115  6:49  SCV  
  115  6:50  Siege Tank  
  115  6:53  Supply Depot  
  115  6:54  Supply Depot  
  119  6:55  Marine x3  
  119  6:56  SCV  
  119  6:57  SCV, Marine  
  125  7:05  SCV  
  125  7:06  Marine  
  125  7:08  SCV  
  125  7:09  SCV  
  125  7:10  Medivac x2  
  125  7:13  Marine x2  
  125  7:15  Marine  
  134  7:17  SCV, Armory  
  134  7:20  Supply Depot, Terran Infantry Weapons Level 1  
  134  7:21  Supply Depot  
  134  7:22  Marine  
  136  7:27  Siege Tank  
  140  7:30  Refinery  
  140  7:31  Refinery, Marine x2  
  140  7:33  Marine  
  140  7:35  Barracks Reactor  
  140  7:36  Barracks Reactor  
  142  7:41  Marine  
  142  7:42  Marine  
  140  7:49  Marine x2  
  140  7:50  Marine  
  141  7:58  Command Center  
  141  7:59  SCV, Marine x2  
  141  8:00  Barracks x2, Factory, SCV  
  141  8:02  SCV  
  146  8:06  Marine x2  
  146  8:08  Marine  
  139  8:15  SCV x2  
  139  8:16  SCV  
  139  8:17  Marine x6  
  139  8:24  Marine x2  
  139  8:26  Marine  
  141  8:27  SCV  
  141  8:28  SCV x2  
  131  8:34  Marine  
  131  8:35  Marine x5  
  131  8:39  SCV  
  138  8:42  Marine x2  
  138  8:44  Marine  
  138  8:45  Medivac x2  
  142  8:52  Marine  
  142  8:54  Marine x3  
  134  8:58  Widow Mine  
  134  9:00  Marauder, Marine  
  134  9:01  Factory Reactor, Marine  
  133  9:07  Marine x2  
  133  9:08  Marine x2  
  127  9:10  Marine  
  127  9:11  SCV x2  
  127  9:12  Marine x3  
  127  9:13  SCV  
  107  9:18  Marine x2  
  107  9:21  Marine  
  111  9:24  Marine  
  111  9:25  Marine  
  111  9:29  Marine  
  111  9:30  Marine x2  
  119  9:32  Barracks Tech Lab  
  119  9:35  Terran Infantry Armor Level 2, Terran Infantry Weapons Level 2  
  119  9:36  Marine x2  
  116  9:39  Marauder  
  116  9:40  Barracks Tech Lab  
  116  9:41  Widow Mine  
  116  9:42  Widow Mine, Drilling Claws  
  116  9:44  Widow Mine  
  124  9:46  Marine  
  124  9:49  Concussive Shells  
  124  9:52  Medivac x2  
  127  9:57  Marauder  
  127  9:59  Marine x3  
  134  10:00  Marauder x2  
  134  10:01  Marine  
  134  10:02  Marine  
  140  10:09  Marine x2  
  140  10:13  Marine  
  143  10:14  Widow Mine  
  143  10:15  Widow Mine x2  
  143  10:17  Marine x2  
  143  10:18  Marauder  
  147  10:22  Marauder x2  
  147  10:23  Marine x3  
  147  10:24  Medivac  
  156  10:29  Supply Depot x2  
  156  10:30  Medivac  
  158  10:40  Marauder, Marine x3  
  158  10:41  Marine  
  158  10:42  Marine  
  157  10:43  Marauder x2, Marine x2  
  157  10:45  Marine  
  164  10:53  Supply Depot  
  164  10:58  Marine x3  
  164  10:59  Marine x2  
  164  11:00  Marine  
  170  11:08  Marauder, Marine x2  
  170  11:10  Marine x2  
  168  11:16  Marine x2  
  168  11:20  Marine x2  
  168  11:22  Marine  
  158  11:29  Marauder x2  
  158  11:31  Marine  
  158  11:32  Marine x2  
  164  11:36  Marine  
  164  11:37  Marine x2  
  166  11:41  Marine x3  
  169  11:50  Marauder x2  
  134  11:55  Marine x2  
  134  11:56  Marauder  
  134  11:59  Marine x2  
  135  12:02  Medivac  
  135  12:05  Medivac  
  139  12:11  Marauder  
  139  12:12  Marauder  
  139  12:13  Marine  
  139  12:14  Marine  
  139  12:15  Marine  
  135  12:17  Marauder  
  133  12:24  Marine  
  133  12:25  Marine  
  133  12:28  Marine  
  136  12:31  Marine x2  
  136  12:33  Marine  
  136  12:34  Marine  
Tags
 
Add a new tag
Caveats
  • Supply blocks, unpowered buildings, or Contaminate may cause inaccurate times.
  • Supply counts are checked every 10 seconds.